 Dungeon Crawl Stone Soup version 0.27-a0-684-g359e429f13 (webtiles) character file.

Game seed: 2442660825342753199

261 Gaff the Vandal (level 6, -1/38 (39) HPs)
             Began as a Halfling Arcane Marksman on Mar 20, 2021.
             Was an Initiate of Gozag.
             Slain by an orc
             ... wielding a +0 mace
              (8 damage)
             ... on level 4 of the Dungeon.
             The game lasted 00:17:06 (4145 turns).

Gaff the Vandal (Halfling Arcane Marksman)          Turns: 4145, Time: 00:17:06

HP:   -1/38 (39)    AC:  6    Str: 11    XL:     6   Next: 41%
MP:   7/7           EV: 15    Int: 11    God:    Gozag
Gold: 303           SH:  5    Dex: 17    Spells: 6/7 levels left

rFire    . . .     SeeInvis +   b - +4 short sword (freeze)
rCold    . . .     Faith    .   m - +0 buckler {rN+}
rNeg     + . .     Spirit   .   e - +0 robe
rPois    .         Reflect  .   r - +1 helmet {SInv}
rElec    .         Harm     .   (no cloak)
rCorr    .         Rampage  .   f - +0 pair of gloves
Will     .....                  q - +0 pair of boots
Stlth    ++........             (no amulet)
HPRegen  0.12/turn              (no ring)
MPRegen  0.10/turn              (no ring)

@: lightly drained
A: small, no large weapons, mutation resistance 1
a: Renounce Religion, Potion Petition, Call Merchant, Bribe Branch


You were on level 4 of the Dungeon.
You worshipped Gozag.
Gozag was aware of your devotion.
You visited 1 branch of the dungeon, and saw 4 of its levels.

You collected 415 gold pieces.
You spent 85 gold pieces at shops.
You paid 27 gold pieces to Gozag.

Inventory:

Hand Weapons
 a - a +0 hunting sling
 b - a +4 short sword of freezing (weapon)
 n - a +0 dagger
 t - a +3 short sword
 u - a +2 whip of electrocution
Missiles
 d - 18 sling bullets
 h - 94 stones
 k - 5 poisoned darts (quivered)
Armour
 e - a +0 robe (worn)
 f - a +0 pair of gloves (worn)
 m - a +0 buckler of positive energy (worn)
 q - a +0 pair of boots (worn)
 r - a +1 helmet of see invisible (worn)
Scrolls
 i - a scroll of enchant armour {unknown}
 j - a scroll of teleportation
 l - a scroll of enchant weapon
 p - a scroll of fog
Potions
 c - a potion of invisibility {unknown}
 g - a potion of haste {unknown}
 o - a potion of brilliance
 s - a potion of heal wounds


   Skills:
 - Level 2.0 Fighting
 * Level 6.0 Slings
 + Level 3.9 Dodging
 + Level 2.2 Stealth
 + Level 1.7 Shields
 - Level 1.0 Spellcasting
 - Level 2.4 Hexes


You had 6 spell levels left.
You knew the following spells:

 Your Spells              Type           Power      Damage    Failure   Level
a - Corona                Hex            5%         N/A       17%         1

Your spell library contained the following spells:

 Spells                   Type           Power      Damage    Failure   Level
 Slow                     Hex            5%         N/A       26%         2
 Inner Flame              Hex/Fire       3%         N/A       63%         3
 Portal Projectile        Hex/Tloc       6%         N/A       63%         3
 Cause Fear               Hex            2%         N/A       86%         4
 Leda's Liquefaction      Hex/Erth       1%         N/A       95%         4


Dungeon Overview and Level Annotations

Branches:
Dungeon (4/15)
 Temple: D:4-7

Altars:
Cheibriados
Gozag

Shops:
D:1 :   D:3 [


Innate Abilities, Weirdness & Mutations

You are small and have problems with some larger weapons.
You are somewhat resistant to further mutation.


Message History

You shoot a stone. The stone completely misses the wight.
The orc shouts!
Your +4 short sword of freezing glows with a cold blue light!
b - a +4 short sword of freezing (weapon)
The wight barely misses you.
You closely miss the wight.
The wight is moderately damaged.
The wight hits you but does no damage.
You closely miss the wight.
The wight is moderately damaged.
The wight barely misses you.
You hit the wight.
The wight is heavily damaged.
The wight hits you but does no damage.
You hit the wight.
The wight is severely damaged.
The wight closely misses you.
You hit the wight but do no damage.
The wight is severely damaged.
The wight misses you. The orc hits you with a +0 mace!
You closely miss the wight.
The wight is severely damaged.
The wight hits you with a +0 scimitar!
* * * LOW HITPOINT WARNING * * *
You partially resist.
You feel drained.
* * * LOW HITPOINT WARNING * * *
The orc closely misses you.
You closely miss the wight.
The wight is severely damaged.
The wight closely misses you. The orc misses you.
The wight hits you with a +0 scimitar!
* * * LOW HITPOINT WARNING * * *
You barely miss the wight.
The wight is severely damaged.
The orc closely misses you. The wight misses you.
You hit the wight.
The wight is almost destroyed.
The orc hits you with a +0 mace!
You die...
Your body crumbles into a pile of gold.

$ .(. .(. #(#
#># #(# #.# #z#
$ #@# #o# #.##
#..#
##.#######.#
#####.........#
#...[...........
#.###.#######.##
#.#...........


You could see a wight and an orc.

Vanquished Creatures
  3 wights (D:4)
  Terence (D:2)
  3 adders
  3 worms
  3 dart slugs
  A leopard gecko (D:1)
  5 orcs (D:3)
  6 bats
  4 giant cockroaches (D:2)
  6 goblins
  4 hobgoblins
  6 jackals
  7 kobolds
  2 quokkas (D:1)
  5 frilled lizards
  6 rats
65 creatures vanquished.

Notes
Turn   | Place    | Note
-------+----------+-------------------------------------------
     0 | D:1      | Gaff the Halfling Arcane Marksman began the quest for the
                  | Orb.
     0 | D:1      | Reached XP level 1. HP: 12/12 MP: 2/2
    71 | D:1      | Reached skill level 1 in Fighting
   400 | D:1      | Reached XP level 2. HP: 18/18 MP: 3/3
   623 | D:1      | Found Puan's Book Emporium.
   979 | D:1      | Reached XP level 3. HP: 15/23 MP: 4/4
  1388 | D:2      | Reached skill level 4 in Slings
  1468 | D:2      | Reached XP level 4. HP: 29/29 MP: 5/5
  1816 | D:2      | Found an opulent altar of Gozag.
  1827 | D:2      | Became a worshipper of Gozag Ym Sagoz the Greedy
  2254 | D:2      | Found a snail-covered altar of Cheibriados.
  2370 | D:3      | Found Coitoger's Armour Shop.
  2376 | D:3      | Bought a +0 buckler of positive energy for 85 gold pieces
  2409 | D:3      | Noticed a sky beast
  2469 | D:3      | Noticed Terence
  2599 | D:2      | Killed Terence
  2600 | D:2      | Reached skill level 1 in Stealth
  2600 | D:2      | Reached XP level 5. HP: 14/34 MP: 6/6
  3244 | D:3      | Reached skill level 5 in Slings
  3869 | D:4      | Reached skill level 1 in Shields
  3959 | D:4      | Reached XP level 6. HP: 19/39 MP: 7/7
  3962 | D:4      | Reached skill level 6 in Slings
  4145 | D:4      | Slain by an orc

Illustrated notes

Levels and vault maps discovered:
D:1:      nicolae_arrival_washed_ashore, layout_basic, serial_shops,
          nicolae_shop_crystal, minmay_tromino_mix6
D:2:      layout_basic, nicolae_overflow_crystal_walls,
          nicolae_gozag_seed_capital
D:3:      layout_basic, serial_shops, shop, uniq_terence
D:4:      layout_loops_ring, gammafunk_temple_overflow_elements, uniq_sigmund,
          uniq_edmund

Skill      XL: |  1  2  3  4  5  6 |
---------------+-------------------+-----
Fighting       | 1 2 |  2.0
Slings         | 4 5 6 |  6.0
Dodging        | 3 |  3.9
Stealth        | 1 2 |  2.2
Shields        | 1 |  1.7
Spellcasting   | |  1.0
Hexes          | |  2.4

Action                   |  1- 3 |  4- 6 || total
-------------------------+-------+-------++-------
Melee: Unarmed           |     8 |       ||     8
       Dagger            |   104 |    22 ||   126
       Whip              |       |    15 ||    15
       Short sword       |       |     9 ||     9
 Fire: Hunting sling     |    27 |   141 ||   168
Throw: Stone             |     7 |       ||     7
       Dart              |       |     5 ||     5
 Cast: Corona            |       |     2 ||     2
  Use: Potion            |     4 |       ||     4
       Scroll            |       |     4 ||     4
 Stab: Sleeping          |     1 |     1 ||     2
Armor: Robe              |    23 |    16 ||    39
       Skin              |    24 |       ||    24
Dodge: Dodged            |   112 |    73 ||   185
Block: Buckler           |       |     6 ||     6

Table legend: (Time is in decaauts)
 A = Elapsed time spent in this place.
 B = Non-inter-level travel time spent in this place.
 C = Inter-level travel time spent in this place.
 D = Time resting spent in this place.
 E = Time spent auto-exploring this place.
 F = Levels seen in this place.
 G = Mean time per level.
                   A        B        C        D        E       F      G
               +--------+--------+--------+--------+--------+-----+--------+
         Total |   4133 |   4059 |     74 |   1062 |   1488 |   4 | 1033.2 |
       Dungeon |   4133 |   4059 |     74 |   1062 |   1488 |   4 | 1033.2 |
               +--------+--------+--------+--------+--------+-----+--------+

Top non-repeatable levels by time:
     D:2: 1556 daAuts
     D:1: 1269 daAuts
     D:3: 898 daAuts
     D:4: 408 daAuts
